 Dungeon Crawl Stone Soup version 0.23-a0-49-gd9f7a49 (webtiles) character file.

3180 galech the Cleaver (level 9, -2/117 HPs)
             Began as a Minotaur Fighter on Aug 6, 2018.
             Was a Believer of Makhleb.
             Succumbed to a hornet's poison
             ... on level 8 of the Dungeon.
             The game lasted 00:08:50 (6999 turns).

galech the Cleaver (Minotaur Fighter)               Turns: 6999, Time: 00:08:51

Health: -2/117     AC:  7    Str: 25    XL:     9   Next: 63%
Magic:  2/17       EV: 14    Int:  9    God:    Makhleb [**....]
Gold:   452        SH: 12    Dex: 19    Spells: 8/8 levels left

rFire    . . .     SeeInvis .   a - +0 war axe
rCold    . . .     Gourm    .   c - +0 shield
rNeg     . . .     Faith    .   w - +2 robe "Erpheda" {-Tele Int+4 Dex+5}
rPois    .         Spirit   +   (helmet restricted)
rElec    .         Reflect  .   m - scarf {Spirit}
rCorr    .         Harm     .   F - +2 pair of gloves
MR       .....     NoTele   +   (no boots)
Stlth    ..........             v - amulet of rage
HPRegen  0.29/turn              I - ring of magical power
MPRegen  0.15/turn              (no ring)

@: berserking, lethally poisoned (-2 -> -35), slowed
A: retaliatory headbutt, horns 2
a: Minor Destruction, Renounce Religion, Evoke Berserk Rage


You were on level 8 of the Dungeon.
You worshipped Makhleb.
Makhleb was pleased with you.
You were hungry.

You visited 2 branches of the dungeon, and saw 9 of its levels.

You collected 452 gold pieces.

Inventory:

Hand Weapons
 a - a +0 war axe (weapon)
Armour
 b - a +0 scale mail
 c - a +0 shield (worn)
 g - a +0 cloak
 m - a scarf of spirit shield (worn)
 w - the +2 robe "Erpheda" (worn) {-Tele Int+4 Dex+5}
   (You found it on level 4 of the Dungeon)

   It affects your intelligence (+4).
   It affects your dexterity (+5).
   It prevents most forms of teleportation.
 A - a +2 robe of cold resistance
 F - a +2 pair of gloves (worn)
Jewellery
 k - an uncursed amulet of magic regeneration
 v - an amulet of rage (around neck)
 I - a ring of magical power (left hand)
Wands
 u - a wand of enslavement (14)
 B - a wand of flame (32)
 H - a wand of iceblast (4)
 K - a wand of disintegration (11)
 L - a wand of scattershot (4)
Scrolls
 h - 3 scrolls of teleportation {unknown}
 i - 14 scrolls of identify {unknown}
 j - 10 scrolls of remove curse {unknown}
 p - 2 scrolls of random uselessness {unknown}
 q - a scroll of fog {unknown}
 r - 2 scrolls of amnesia {unknown}
 t - a scroll of immolation {unknown}
 y - 2 scrolls of enchant weapon {unknown}
 G - a scroll of enchant armour {unknown}
Potions
 d - 2 potions of might
 e - a potion of degeneration {unknown}
 l - 2 potions of cancellation {unknown}
 n - a potion of haste {unknown}
 o - 5 potions of lignification {unknown}
 s - a potion of ambrosia {unknown}
 z - 2 potions of curing
 C - 3 potions of flight {unknown}
 D - a potion of berserk rage {unknown}
 E - a potion of resistance {unknown}
 J - a potion of brilliance {unknown}
Comestibles
 f - 15 rations
 x - 11 chunks of flesh


   Skills:
 + Level 6.8 Fighting
 + Level 10.7 Axes
 + Level 5.3 Armour
 - Level 4.9 Dodging
 - Level 3.1 Stealth
 + Level 7.8 Shields
 + Level 0.1 Invocations
 - Level 0.8 Evocations


You had 8 spell levels left.
You didn't know any spells.
Your spell library was empty.

Dungeon Overview and Level Annotations

Branches:
Dungeon (8/15)             Temple (1/1) D:6
   Lair: D:8-11

Altars:
Cheibriados
Dithmenos
Elyvilon
Fedhas
Gozag
Hepliaklqana
Kikubaaqudgha
Makhleb
Nemelex Xobeh
Qazlal
Ru
Sif Muna
Trog
Uskayaw
Vehumet
Wu Jian
Zin

Shops:
D:5 :

Annotations:
D:6 exclusion: oklob plant


Innate Abilities, Weirdness & Mutations

You reflexively headbutt those who attack you in melee.
You have a pair of horns on your head.


Message History

* * * LOW HITPOINT WARNING * * *
You are more poisoned.
You feel as though you will be slow longer.
The hornet stings you!
* * * LOW HITPOINT WARNING * * *
You feel as though you will be slow longer.
The hornet stings you but does no damage.
You can move again.
You are too berserk!
You closely miss the hornet.
The hornet is heavily wounded.
You slash the hornet!
* * * LOW HITPOINT WARNING * * *
You feel very sick.
The hornet stings you but does no damage.
You block the hornet's attack. x2
You closely miss the hornet. You headbutt the hornet.
The hornet is severely wounded.
You closely miss the hornet.
You die...

## #....%....# .##
#......<..# ..# #.........#
..##### #.........# #.....#
#.........# ...##.###
######.......# ##.##...##
#y#.##.......# .........#
#y#.%.......# ##..##...#
#@##.......### ....#########
#y#.#.#........
............#######.......###
#.#.#####....................
#...... ####....#...........#
###......###.##..)...........
# ####.......####............
########..###...............#
)...........................#


You could see 3 hornets.

Vanquished Creatures
  A hippogriff (D:7)
  A black bear (D:7)
  2 orc warriors (D:8)
  5 ogres
  2 phantoms
  A big kobold (D:8)
  4 bullfrogs
  4 scorpions
  6 killer bees
  A vampire bat (D:3)
  3 howler monkeys
  4 crimson imps
  A jelly (D:7)
  A hound (D:8)
  4 orc priests
  Crazy Yiuf (D:2)
  9 orc wizards
  A bullfrog skeleton (D:8)
  Jessica (D:2)
  2 iguanas
  9 worker ants
  A hound zombie (D:7)
  10 adders
  An ooze (D:1)
  A worm (D:5)
  2 dart slugs
  3 leopard geckos
  33 orcs
  5 giant cockroaches
  9 goblins
  6 hobgoblins
  15 jackals
  15 kobolds
  3 quokkas
  2 ball pythons
  14 bats
  A frilled lizard (D:4)
  A jackal zombie (D:6)
  A quokka zombie (D:5)
  6 rats
192 creatures vanquished.

Vanquished Creatures (others)
  15 toadstools (D:6)
15 creatures vanquished.

Grand Total: 207 creatures vanquished

Notes
Turn   | Place    | Note
-------+----------+-------------------------------------------
     0 | D:1      | galech the Minotaur Fighter began the quest for the Orb.
     0 | D:1      | Reached XP level 1. HP: 19/19 MP: 0/0
   110 | D:1      | Reached XP level 2. HP: 24/27 MP: 1/1
   330 | D:1      | Reached XP level 3. HP: 29/33 MP: 2/2
   434 | D:1      | Reached skill level 3 in Axes
  1124 | D:2      | Reached XP level 4. HP: 40/40 MP: 3/3
  1125 | D:2      | Reached skill level 1 in Dodging
  1168 | D:2      | Noticed Jessica
  1170 | D:2      | Reached XP level 5. HP: 37/47 MP: 4/4
  1188 | D:2      | Killed Jessica
  1188 | D:2      | Reached skill level 4 in Axes
  1418 | D:2      | Found a runed door.
  1422 | D:2      | Noticed Crazy Yiuf
  1437 | D:2      | Killed Crazy Yiuf
  1437 | D:2      | Reached skill level 5 in Shields
  2133 | D:3      | Reached XP level 6. HP: 53/53 MP: 5/5
  2665 | D:4      | Reached skill level 5 in Axes
  2665 | D:4      | Reached skill level 5 in Armour
  2768 | D:4      | Got a fine robe
  2779 | D:4      | Identified the +2 robe "Erpheda" {-Tele Int+4 Dex+5} (You found it on level 4 of the Dungeon)
  3039 | D:4      | Reached XP level 7. HP: 51/60 MP: 6/6
  3620 | D:5      | Entered Level 5 of the Dungeon
  3648 | D:5      | Reached skill level 6 in Axes
  3953 | D:4      | Reached skill level 1 in Stealth
  4293 | D:5      | Found Heuxeh's Book Shop.
  4466 | D:5      | Found a glowing silver altar of Zin.
  4550 | D:5      | Reached skill level 5 in Fighting
  4550 | D:5      | Reached skill level 7 in Axes
  4552 | D:5      | Found a sparkling altar of Nemelex Xobeh.
  4559 | D:5      | Found an ornate altar of the Wu Jian Council.
  4964 | D:6      | Reached XP level 8. HP: 54/68 MP: 7/7
  4996 | D:6      | Found a staircase to the Ecumenical Temple.
  5028 | Temple   | Entered the Ecumenical Temple
  5074 | Temple   | Became a worshipper of Makhleb the Destroyer
  5171 | D:6      | Reached skill level 8 in Axes
  5227 | D:6      | Found a blossoming altar of Fedhas.
  5246 | D:6      | Noticed an oklob plant
  5346 | D:6      | Found a hide-covered altar of Uskayaw.
  5856 | D:7      | Reached skill level 9 in Axes
  5871 | D:7      | Reached * piety under Makhleb
  6080 | D:7      | Reached XP level 9. HP: 75/75 MP: 8/8
  6394 | D:7      | Found a sacrificial altar of Ru.
  6645 | D:8      | Reached skill level 10 in Axes
  6665 | D:8      | Reached ** piety under Makhleb
  6992 | D:8      | Paralysed by a hornet for 2 turns
  6996 | D:8      | Paralysed by a hornet for 2 turns
  6997 | D:8      | HP: 4/117 [hornet (9)]
  6998 | D:8      | HP: 1/117 [poisoned by a hornet]
  6999 | D:8      | Succumbed to a hornet's poison

Vault maps used:
D:1:      dpeg_arrival_concentric_ovals
D:2:      uniq_jessica, uniq_crazy_yiuf_cottage
D:3:      serial_bayou_pond_e, minmay_misc_feat_encased, roderic_batcave
D:4:      first_ration
D:5:      amethyst_overflow_temple_binary, zin_academy, serial_shops,
          kennysheep_little_box
D:6:      tgw_fedhas, kennysheep_mini, minmay_temple_entry_hall
D:7:      nicolae_ru_great_annihilating_truth
D:8:      hangedman_pestilent_swarm, uniq_gastronok
Temple:   eino_temple_rhombus

Skill      XL: |  1  2  3  4  5  6  7  8  9 |
---------------+----------------------------+-----
Shields        | 4 5 6 7 |  7.8
Fighting       | 4 5 6 |  6.8
Armour         | 4 5 |  5.3
Axes           | 3 4 5 7 9 10 | 10.7
Dodging        | 1 2 3 4 |  4.9
Stealth        | 1 2 3 |  3.1
Invocations    | |  0.1
Evocations     | |  0.8

Action                   |  1- 3 |  4- 6 |  7- 9 || total
-------------------------+-------+-------+-------++-------
Melee: War axe           |    95 |   106 |   283 ||   484
       Headbutt          |    14 |    28 |    63 ||   105
 Abil: Evoke Berserk Rag |       |     1 |     3 ||     4
 Stab: Sleeping          |       |       |     5 ||     5
       Distracted        |       |       |     1 ||     1
       Paralysed         |       |       |     1 ||     1
  Eat: Chunk             |     1 |     7 |    15 ||    23
Armor: Scale mail        |    42 |    39 |       ||    81
       Robe              |       |     3 |    48 ||    51
Dodge: Dodged            |    41 |    33 |   119 ||   193
Block: Shield            |    72 |    74 |   169 ||   315

Table legend:
 A = Spawn XP
 B = Non-spawn XP
 C = Spawn XP percentage of total XP
 D = Spawn monster count
 E = Non-spawn monster count
 F = Spawn count percentage of total count
 G = Total turns spent on level
                    A         B        C        D         E        F      G
               +---------+---------+-------+---------+---------+-------+---------
         Total |       0 |    4544 |   0.0 |       0 |     192 |   0.0 |  6999
               +---------+---------+-------+---------+---------+-------+---------
           D:1 |       0 |      73 |   0.0 |       0 |      35 |   0.0 |   923
           D:2 |       0 |     233 |   0.0 |       0 |      26 |   0.0 |   970
           D:3 |       0 |     112 |   0.0 |       0 |      20 |   0.0 |   747
           D:4 |       0 |     514 |   0.0 |       0 |      14 |   0.0 |  1560
           D:5 |       0 |     398 |   0.0 |       0 |      16 |   0.0 |   645
           D:6 |       0 |     882 |   0.0 |       0 |      25 |   0.0 |   881
           D:7 |       0 |    1100 |   0.0 |       0 |      20 |   0.0 |   811
           D:8 |       0 |    1232 |   0.0 |       0 |      36 |   0.0 |   397
               +---------+---------+-------+---------+---------+-------+---------
